 Dungeon Crawl Stone Soup version 0.30-a0-137-gd8773701ce (webtiles) character file.

Game seed: 7573252237058943211

251 juncz the Magician (level 6, 0/47 HPs)
             Began as a Djinni Conjurer on Sept 23, 2022.
             Was an Initiate of Ashenzari.
             Slain by a wraith (10 damage)
             ... in an ossuary.
             The game lasted 00:05:44 (4505 turns).

juncz the Magician (Djinni Conjurer)                Turns: 4505, Time: 00:05:45

Health: 0/47       AC:  2    Str:  9    XL:     6   Next: 36%
Gold:   34         EV: 12    Int: 27    God:    Ashenzari [......] SH:  0 Dex: 11

rFire   + + .      SeeInvis .    l - +6 spear of Kindness {drain, Str+3 Int+5 Stlth-}
rCold   x . .      Faith    .    (no shield)
rNeg    . . .      Spirit   .    a - +0 robe
rPois   ∞          Reflect  .    (no helmet)
rElec   .          Harm     .    (no cloak)
rCorr   .          Rampage  .    (no gloves)
Will    .....      NoTele   +    (boots unavailable)
Stlth   +.........               (no amulet)
HPRegen 0.15/turn                (no ring)
MPRegen 0.00/turn                (no ring)

@: immobile, flying, very slightly contaminated, slowed, very slow
A: sickness immunity, fire resistance 2, cold vulnerability 1, float, innate
caster, HP casting, extra vitality 1
a: Renounce Religion


You were in an ossuary.
You worshipped Ashenzari.
Ashenzari was noncommittal.
You visited 1 branch of the dungeon, and saw 4 of its levels.
You also visited: Ossuary.

You collected 34 gold pieces.

Inventory:

Hand Weapons
 l - the +6 spear of Kindness (weapon) {drain, Str+3 Int+5 Stlth-}
   (You found it on level 3 of the Dungeon)

   A truly terrible weapon, it drains the life of any living foe it strikes.
   Str:       It affects your strength (+3).
   Int:       It affects your intelligence (+5).
   Stlth:     It makes you less stealthy.
Armour
 a - a +0 robe (worn)
Magical Staves
 k - a staff of earth
Scrolls
 b - 2 scrolls of poison {unknown}
 c - 2 scrolls of immolation {unknown}
 e - a scroll of silence {unknown}
 f - 3 scrolls of identify {unknown}
 g - 2 scrolls of fear {unknown}
 h - a scroll of enchant armour {unknown}
 i - a scroll of noise {unknown}
 n - a scroll of teleportation {unknown}
 p - a scroll of vulnerability {unknown}
Potions
 d - a potion of curing {unknown}
 j - 2 potions of degeneration {unknown}
 m - a potion of mutation {unknown}
 o - a potion of flight {unknown}


   Skills:
 + Level 3.9 Fighting
 - Level 2.1 Dodging
 - Level 1.5 Stealth
 + Level 4.6 Spellcasting


You couldn't memorise any spells.
You knew the following spells:

 Your Spells              Type           Power      Damage    Failure   Level
a - Magic Dart            Conj           100%       1d8       1%          1
b - Searing Ray           Conj           62%        2d6       1%          2
c - Dazzling Flash        Conj/Hex       62%        N/A       3%          3
d - Fulminant Prism       Conj/Hex       15%        3d11      11%         4
e - Iskenderun's Mystic   Conj/Tloc      31%        2d8       11%         4
f - Freeze                Ice            100%       1d11      1%          1
g - Static Discharge      Conj/Air       62%        2-5/arc   1%          2
Your spell library was empty.

Dungeon Overview and Level Annotations

Branches:
Dungeon (4/15)            Ossuary (1/1)
 Temple: D:4-7

Altars:
Ashenzari
Xom

Shops:
D:2 :


Innate Abilities, Weirdness & Mutations

You are immune to sickness and miasma.
You are immune to poison.
Your flesh is very heat resistant. (rF++)
You are vulnerable to cold. (rC-)
You float through the air rather than walking.
You learn spells naturally, not from books.
Your magical power is your life essence.
You have superior vitality. (+4 MHP)


Message History

You erupt in a blast of force!
The mystic blast hits the wraith.
The wraith is moderately damaged.
The wraith is knocked back by the mystic blast.
Casting: Iskenderun's Mystic Blast (quite dangerous; 11% risk of failure)
Confirm with . or Enter, or press ? or * to list all spells.
Aiming: Magic Dart (safe; 1% risk of failure)
Press: ? - help, Shift-Dir - straight line, f/p - wraith
Aim: a wraith (moderately damaged, 100% to hit)
The magic dart hits the wraith but does no damage.
The wraith is moderately damaged.
Casting: Magic Dart (safe; 1% risk of failure)
Confirm with . or Enter, or press ? or * to list all spells.
Aiming: Magic Dart (safe; 1% risk of failure)
Press: ? - help, Shift-Dir - straight line, f/p - wraith
Aim: a wraith (moderately damaged, 100% to hit)
The magic dart hits the wraith.
The wraith is moderately damaged.
Casting: Magic Dart (safe; 1% risk of failure)
Confirm with . or Enter, or press ? or * to list all spells.
You erupt in a blast of force!
The mystic blast hits the wraith but does no damage.
The wraith is moderately damaged.
The wraith hits you.
Casting: Iskenderun's Mystic Blast (quite dangerous; 11% risk of failure)
Confirm with . or Enter, or press ? or * to list all spells.
You erupt in a blast of force!
The mystic blast hits the wraith but does no damage.
The wraith is moderately damaged.
The wraith hits you!
* * * LOW HITPOINT WARNING * * *
The wraith drains your vigour!
You feel yourself slow down.
Casting: Iskenderun's Mystic Blast (quite dangerous; 11% risk of failure)
Confirm with . or Enter, or press ? or * to list all spells.
You miscast Iskenderun's Mystic Blast.
You are very lightly contaminated with residual magic.
You catch a glimpse of the back of your own head.
You are magically locked in place.
* * * LOW HITPOINT WARNING * * *
The wraith hits you!
You die...

...#####...
.##...##. .
##.?...## . ..
.?.!!!. .. ...
.???. ... #...
... ...#
#...##W##...# .
#....@....# ...
..#####'#####....
.................
.................
######'''########
#...#### +...'..#
#...#..# #...####


You could see a wraith.

Vanquished Creatures
  A hound (D:4)
  Natasha (thrice) (D:3)
  A mummy (Ossuary)
  4 adders
  2 worms
  2 dart slugs
  5 orcs (D:3)
  10 ball pythons
  7 endoplasms
  3 giant cockroaches
  A goblin (D:1)
  13 hobgoblins
  4 jackals (D:3)
  2 quokkas (D:1)
  4 bats
  3 frilled lizards
  4 gnoll skeletons (Ossuary)
  4 kobolds
  A kobold skeleton (Ossuary)
  4 orc skeletons (Ossuary)
  3 rats
81 creatures vanquished.

Notes
Turn   | Place    | Note
-------+----------+-------------------------------------------
     0 | D:1      | juncz the Djinni Conjurer began the quest for the Orb.
     0 | D:1      | juncz set off with the following spells memorised: Magic
                  | Dart, Searing Ray, Dazzling Flash, Fulminant Prism,
                  | Iskenderun's Mystic Blast.
     0 | D:1      | Reached XP level 1. HP: 15/15 MP: 0/0
   365 | D:1      | Reached skill level 1 in Fighting
   365 | D:1      | Reached XP level 2. HP: 13/22 MP: 0/0
   824 | D:1      | Reached XP level 3. HP: 25/27 MP: 0/0
   824 | D:1      | Learned a level 1 spell: Freeze
  1443 | D:2      | Found Fuxaxuc's Book Emporium.
  1615 | D:2      | Reached XP level 4. HP: 27/33 MP: 0/0
  2027 | D:2      | Reached skill level 4 in Spellcasting
  2450 | D:3      | Reached XP level 5. HP: 21/40 MP: 0/0
  2450 | D:3      | Learned a level 2 spell: Static Discharge
  3013 | D:3      | Identified the +6 spear of Kindness {drain, Str+3 Int+5
                  | Stlth-}
  3052 | D:3      | Noticed Natasha
  3059 | D:3      | Killed Natasha
  3441 | D:3      | Noticed Natasha
  3446 | D:3      | Killed Natasha
  3644 | D:3      | Found a shimmering altar of Xom.
  3653 | D:3      | Found a broken altar of Ashenzari.
  3693 | D:3      | Became a worshipper of Ashenzari the Shackled
  3710 | D:3      | Noticed Natasha
  3714 | D:3      | Killed Natasha
  3715 | D:3      | Reached XP level 6. HP: 35/46 MP: 0/0
  4071 | D:4      | Noticed an ogre
  4083 | D:4      | Found a sand-covered staircase.
  4092 | Ossuary  | Entered an ossuary
  4092 | Ossuary  | Noticed a wraith
  4092 | Ossuary  | Noticed a wraith
  4092 | Ossuary  | Noticed a wraith
  4494 | Ossuary  | Noticed a wraith
  4505 | Ossuary  | Slain by a wraith

Illustrated notes

Levels and vault maps discovered:
D:1:      mrwooster_arrival_statue_3, layout_basic, minivault_11
D:2:      layout_rooms, serial_shops, shop
D:3:      layout_basic, grunt_temple_overflow_diamond, uniq_natasha
D:4:      layout_basic, portal_sewer_entry_e, nicolae_ossuary_entry_monument,
          minmay_surrounded
Ossuary:  ossuary_due_mausoleum

Skill      XL: |  1  2  3  4  5 |
---------------+----------------+-----
Fighting       | 1 2 3 |  3.9
Spellcasting   | 4 |  4.6
Dodging        | |  2.1
Stealth        | |  1.5

Action                   |  1- 3 |  4- 6 || total
-------------------------+-------+-------++-------
Melee: Spear             |       |     2 ||     2
 Cast: Magic Dart        |    76 |   125 ||   201
       Static Discharge  |       |     6 ||     6
       Iskenderun's Myst |       |     5 ||     5
Armor: Robe              |     4 |     4 ||     8
Dodge: Dodged            |    11 |    16 ||    27

Table legend: (Time is in decaauts)
 A = Elapsed time spent in this place.
 B = Non-inter-level travel time spent in this place.
 C = Inter-level travel time spent in this place.
 D = Time resting spent in this place.
 E = Time spent auto-exploring this place.
 F = Levels seen in this place.
 G = Mean time per level.
                   A        B        C        D        E       F      G
               +--------+--------+--------+--------+--------+-----+--------+
         Total |   4513 |   4393 |    120 |    819 |   3180 |   5 |  902.6 |
       Dungeon |   4100 |   3980 |    120 |    478 |   3157 |   4 | 1025.0 |
       Ossuary |    412 |    412 |      0 |    341 |     23 |   1 |  412.0 |
               +--------+--------+--------+--------+--------+-----+--------+

Top non-repeatable levels by time:
     D:3: 1694 daAuts
     D:1: 1443 daAuts
     D:2: 933 daAuts
 Ossuary: 412 daAuts
     D:4: 28 daAuts
